 Dungeon Crawl Stone Soup version 0.21-a0-1-gaf3b9a5 (webtiles) character file.

988 turnburgler the Magician (level 7, -7/43 HPs)
             Began as a Demonspawn Venom Mage on May 20, 2017.
             Was a Follower of Hepliaklqana.
             Killed from afar by a manticore (23 damage)
             ... with a volley of spikes
             ... on level 6 of the Dungeon.
             The game lasted 00:43:11 (5399 turns).

turnburgler the Magician (Demonspawn Venom Mage)    Turns: 5399, Time: 00:43:18

Health: -7/43      AC:  6    Str: 14    XL:     7   Next: 97%
Magic:  0/13       EV: 14    Int: 22    God:    Hepliaklqana [*.....]
Gold:   235        SH:  0    Dex: 18    Spells: 11/15 levels left

rFire    . . .     SeeInvis .   g - +0 whip
rCold    + . .     Gourm    .   (no shield)
rNeg     . . .     Faith    .   D - +3 leather armour "Nutz" {MR- Int+6 Dex+3}
rPois    .         Spirit   .   (helmet restricted)
rElec    .         Reflect  .   (no cloak)
rCorr    .         Harm     .   (no gloves)
MR       .....                  (no boots)
Stlth    +++.......             (no amulet)
Regen    0.2/turn               w - ring of stealth
MPRegen  0.2/turn               (no ring)

@: mighty, barbed spikes
A: reduced essence, antennae 1, claws 1, hooves 1, cold resistance 1, spiny 1
a: Recall Ancestor, Ancestor Identity, Renounce Religion


You were on level 6 of the Dungeon.
You worshipped Hepliaklqana.
Hepliaklqana was aware of your devotion.
You were not hungry.

You visited 2 branches of the dungeon, and saw 7 of its levels.

You collected 235 gold pieces.

Inventory:

Hand Weapons
 d - a +0 hunting sling
 g - a +0 whip (weapon)
 G - a +0 hunting sling
Missiles
 f - 8 poisoned needles
 h - 101 stones
 o - 55 arrows
 t - 4 javelins of returning (quivered)
Armour
 D - the +3 leather armour "Nutz" (worn) {MR- Int+6 Dex+3}
   (You found it on level 4 of the Dungeon)

   It affects your intelligence (+6).
   It affects your dexterity (+3).
   It affects your resistance to hostile enchantments.
Jewellery
 w - a ring of stealth (left claw)
Wands
 p - a wand of iceblast (0/15)
Scrolls
 a - a scroll of identify
 k - a scroll of blinking
 l - 2 scrolls of magic mapping {unknown}
 r - 2 scrolls of fog
 s - 3 scrolls of remove curse {unknown}
 u - a scroll of fear {unknown}
 v - 3 scrolls of enchant armour {unknown}
 y - a scroll of amnesia {unknown}
 C - a scroll of teleportation {unknown}
 F - a scroll of noise {unknown}
Potions
 e - a potion of might
 i - 2 potions of brilliance
 j - a potion of flight {unknown}
 n - a potion of haste {unknown}
 x - 3 potions of mutation {unknown}
 z - 2 potions of cancellation {unknown}
 E - 2 potions of curing {unknown}
Books
 b - a Young Poisoner's Handbook

   Spells                             Type                      Level
   a - Sting                          Conjuration/Poison           1
   b - Poisonous Vapours              Poison/Air                   2
   c - Mephitic Cloud                 Conjuration/Poison/Air       3
   d - Olgreb's Toxic Radiance        Poison                       4
   e - Venom Bolt                     Conjuration/Poison           5
Comestibles
 c - 3 bread rations
 m - 4 royal jellies
 q - 12 chunks of flesh
 A - 2 meat rations
 B - 5 fruits


   Skills:
 - Level 1.0 Fighting
 + Level 0.3 Slings
 + Level 1.0 Armour
 * Level 4.1 Dodging
 - Level 2.3 Stealth
 + Level 4.6 Spellcasting
 - Level 3.0 Conjurations
 - Level 3.5 Air Magic
 - Level 4.4 Poison Magic


You had 11 spell levels left.
You knew the following spells:

 Your Spells              Type           Power        Failure   Level  Hunger
a - Sting                 Conj/Pois      ###.         2%          1    None
b - Mephitic Cloud        Conj/Pois/Air  ###.....     9%          3    ##.....


Dungeon Overview and Level Annotations

Branches:
Dungeon (6/15)             Temple (1/1) D:5

Altars:
Cheibriados
Dithmenos
Elyvilon
Fedhas
Hepliaklqana
Kikubaaqudgha
Makhleb
Okawaru
Qazlal
Ru
Trog
Vehumet
Wu Jian
Yredelemnul
The Shining One

Shops:
D:5 }


Innate Abilities, Weirdness & Mutations

You have a pair of small antennae on your head.
You have sharp fingernails.
You have large cloven feet.
Your flesh is cold resistant. (rC+)
You are partially covered in sharp spines.
Your life essence is reduced. (-10% HP)


Message History

The manticore is severely wounded.
The barbs in your skin will harm you if you move.
Continue?
Okay, then.
It was a potion of might.
You feel very mighty all of a sudden.
The manticore flicks its tail.
The volley of spikes hits you!
The barbed spikes become lodged in your body.
Casting: Sting
Confirm with . or Enter, or press ? or * to list all spells.
Aiming: Sting
Press: ? - help, Shift-Dir - straight line, f/p - manticore
Aim: a manticore (severely wounded, poisoned)
The sting hits the manticore.
The manticore looks even sicker.
The manticore is severely wounded.
The manticore flicks its tail.
The volley of spikes hits you!
The barbed spikes become lodged in your body.
Ouch! That really hurt!
You die...

#.......................#
########......Z................#
.........####################..#
.....#####......#.....#.....#..#
.....# #......#.....#.....#..#
.....# #'###..#..#..#..#..#..#
.....# #H) #%H#..#..#..#..#..#
.....# #.=.#.....#.....#.....#
.....# #!))#..@..#.....#...รท.#
....... #######################
.....#. .....#..


You could see a manticore and a leopard gecko zombie.

Vanquished Creatures
  An ogre (D:5)
  3 bullfrogs
  A scorpion (D:4)
  A howler monkey (D:6)
  A centaur zombie (D:5)
  2 hounds
  2 orc wizards (D:4)
  6 worker ants
  A hound zombie (D:6)
  An ancestor (D:6)
  3 adders
  An adder skeleton (D:4)
  4 worms
  5 leopard geckos
  8 orcs
  5 bats (D:1)
  4 giant cockroaches
  4 goblins
  7 hobgoblins
  7 jackals
  A quokka (D:5)
  4 frilled lizards
  11 kobolds
  7 rats
90 creatures vanquished.

Vanquished Creatures (collateral kills)
  A bullfrog (D:6)
  A scorpion (D:6)
  A jelly (D:5)
  A bullfrog skeleton (D:5)
  A worker ant (D:5)
  A shadow imp (D:6)
  A quokka (D:5)
7 creatures vanquished.

Vanquished Creatures (others)
  An ancestor (D:5)
1 creature vanquished.

Grand Total: 98 creatures vanquished

Notes
Turn   | Place    | Note
-------+----------+-------------------------------------------
     0 | D:1      | turnburgler the Demonspawn Venom Mage began the quest for the Orb.
     0 | D:1      | Reached XP level 1. HP: 13/13 MP: 3/3
   428 | D:1      | Gained mutation: You are partially covered in sharp spines. [demonic ancestry]
   428 | D:1      | Reached XP level 2. HP: 11/19 MP: 0/5
  1180 | D:1      | Gained mutation: Your flesh is cold resistant. (rC+) [demonic ancestry]
  1180 | D:1      | Reached XP level 3. HP: 25/25 MP: 1/6
  1425 | D:2      | Learned a level 3 spell: Mephitic Cloud
  2277 | D:3      | Reached skill level 1 in Fighting
  2537 | D:3      | Gained mutation: You have large cloven feet. [demonic ancestry]
  2537 | D:3      | Reached XP level 4. HP: 28/32 MP: 3/8
  2941 | D:4      | Reached XP level 5. HP: 17/37 MP: 6/9
  3479 | D:4      | Got a crude leather armour
  3490 | D:4      | Identified the +3 leather armour "Nutz" {MR- Int+6 Dex+3} (You found it on level 4 of the Dungeon)
  3561 | D:4      | Gained mutation: You have a pair of small antennae on your head. [demonic ancestry]
  3561 | D:4      | Reached XP level 6. HP: 40/43 MP: 5/11
  3706 | D:5      | Entered Level 5 of the Dungeon
  3737 | D:5      | Found Giarhog's Gadget Boutique.
  3758 | D:5      | Found an ancient bone altar of Kikubaaqudgha.
  3798 | D:5      | Reached skill level 1 in Armour
  3800 | D:5      | Found a staircase to the Ecumenical Temple.
  3822 | Temple   | Entered the Ecumenical Temple
  4076 | Temple   | Became a worshipper of Hepliaklqana the Forgotten
  4149 | D:5      | Reached skill level 1 in Air Magic
  4276 | D:5      | Gained mutation: You have sharp fingernails. [demonic ancestry]
  4276 | D:5      | Reached XP level 7. HP: 35/43 MP: 12/12
  5163 | D:6      | Reached * piety under Hepliaklqana
  5358 | D:6      | Noticed a manticore
  5399 | D:6      | Killed from afar by a manticore

Vault maps used:
D:1:      grunt_arrival_crossed_arrows
D:3:      first_bread, minivault_23, patterned_corridor
D:5:      kb_forest_paths, minmay_temple_entry_nine_rooms, serial_shops,
          nicolae_shop_crystal, basic_altar
D:6:      kennysheep_windowed_halls, kennysheep_mini_moat,
          dancing_weapons_uskayaw, st_stairs_11, grunt_ministairs_6
Temple:   regret_index_temple_generic_petals

Skill      XL: |  1  2  3  4  5  6  7 |
---------------+----------------------+-----
Dodging        | 2 3 4 |  4.1
Fighting       | 1 |  1.0
Spellcasting   | 3 4 |  4.6
Poison Magic   | 4 |  4.4
Stealth        | 2 |  2.3
Armour         | 1 |  1.0
Air Magic      | 1 3 |  3.5
Conjurations   | 3 |  3.0
Slings         | |  0.3

Action                   |  1- 3 |  4- 6 |  7- 9 || total
-------------------------+-------+-------+-------++-------
Melee: Whip              |    34 |    20 |    13 ||    67
       Unarmed           |     8 |       |       ||     8
       Kick              |       |     8 |     2 ||    10
 Fire: Hunting sling     |       |     3 |     6 ||     9
Throw: Javelin           |       |     4 |     3 ||     7
 Cast: Sting             |    98 |    75 |    37 ||   210
       Mephitic Cloud    |       |       |     3 ||     3
Invok: Ancestor Identity |       |     1 |       ||     1
Evoke: Wand              |       |     4 |       ||     4
  Use: Scroll            |     1 |     2 |     1 ||     4
       Potion            |       |     1 |     1 ||     2
  Eat: Chunk             |     3 |     3 |     4 ||    10
       Bread ration      |     1 |       |       ||     1
       Fruit             |       |       |     1 ||     1
Armor: Robe              |    18 |     2 |       ||    20
       Leather armour    |       |     4 |     3 ||     7
Dodge: Dodged            |    56 |    28 |    14 ||    98
